 Dungeon Crawl Stone Soup version 0.31-a0-229-g1fc7ce93e2 (webtiles) character file.

Game seed: 16168562538963502931

91 Zonian the Magician (level 4, -12/24 HPs)
             Began as a Deep Elf Venom Mage on July 6, 2023.
             Was an Initiate of Ashenzari.
             Mangled by a sleepcap (16 damage)
             ... on level 4 of the Dungeon on July 7, 2023.
             The game lasted 00:04:44 (2613 turns).

Zonian the Magician (Deep Elf Venom Mage)           Turns: 2613, Time: 00:04:45

Health: -12/24     AC:  3    Str:  5    XL:     4   Next: 34%
Magic:  5/11       EV:  2    Int: 22    God:    Ashenzari [......]
Gold:   137        SH:  0    Dex: 15    Spells: 9/10 levels left

rFire   . . .        e - +0 short sword
rCold   . . .        (no shield)
rNeg    . . .        a - +0 robe
rPois   .            (no helmet)
rElec   .            (no cloak)
rCorr   .            j - +0 pair of gloves
SInv    .            (no boots)
Will    .....        (no amulet)
Stlth   ++           (no ring)
HPRegen 0.24/turn    (no ring)
MPRegen 0.12/turn

%: no passive effects
@: sleeping
A: no striking features
a: Renounce Religion


You were on level 4 of the Dungeon.
You worshipped Ashenzari.
Ashenzari was noncommittal.
You visited 1 branch of the dungeon, and saw 4 of its levels.

You collected 137 gold pieces.

Inventory:

Hand Weapons
 c - a +0 long sword
 e - a +0 short sword (weapon)
Missiles
 g - 9 poisoned darts
 k - a throwing net
Armour
 a - a +0 robe (worn)
 j - a +0 pair of gloves (worn)
Magical Staves
 d - a staff of earth
Wands
 r - a wand of polymorph (7)
Scrolls
 f - a scroll of teleportation
 h - 2 scrolls of blinking
 i - a scroll of vulnerability {unknown}
 n - 3 scrolls of enchant armour
 q - a scroll of revelation {unknown}
 s - a scroll of noise {unknown}
Potions
 b - a potion of magic
 l - a potion of invisibility
 m - 3 potions of curing
 o - a potion of lignification
 p - a potion of heal wounds


   Skills:
 + Level 0.8 Fighting
 + Level 3.2 Dodging
 + Level 3.3 Stealth
 + Level 3.9 Spellcasting
 + Level 2.0 Transmutations
 + Level 3.8 Poison Magic


You had 9 spell levels left.
You knew the following spells:

 Your Spells              Type           Power      Damage    Failure   Level
a - Sting                 Tmut/Pois      68%        1d6       3%          1

Your spell library contained the following spells:

 Spells                   Type           Power      Damage    Failure   Level
 Poisonous Vapours        Pois/Air       24%        N/A       8%          2
 Mephitic Cloud           Conj/Pois/Air  9%         N/A       21%         3
 Olgreb's Toxic Radiance  Pois           21%        N/A       24%         4
 Ozocubu's Armour         Ice            4%         N/A       34%         3
 Metabolic Englaciation   Hex/Ice        2%         N/A       97%         5
 Simulacrum               Ice/Necr       2%         N/A       100%        6


Dungeon Overview and Level Annotations

Branches:
Dungeon (4/15)
 Temple: D:4-7

Altars:
Ashenzari
Nemelex Xobeh
Ru
Zin

Shops:
D:2 (   D:3 [

Annotations:
D:3 1 runed translucent door, JamisonSwartz13's ghost, amateur AtFi


Message History

You are too injured to fight recklessly!
You are too injured to fight recklessly!
You are too injured to fight recklessly!
Unknown command.
You flicker back into view.
The sting hits the sleepcap.
The sleepcap partially resists.
The sleepcap is lightly damaged.
The sting hits the sleepcap but does no damage.
The sleepcap is poisoned.
The sleepcap is lightly damaged.
The sleepcap barely misses you.
The sting hits the sleepcap but does no damage.
The sleepcap looks even sicker.
The sleepcap is lightly damaged.
The sleepcap releases spores at you.
You are too injured to fight recklessly!
You are too injured to fight recklessly!
Unknown command.
You are too injured to fight recklessly!
You are too injured to fight recklessly!
Unknown command.
Aiming: Sting (safe; 3% risk of failure)
Press: ? - help, Q - select action, (/) - cycle Shift-Dir - straight line, f/p - sleepcap
Aim: a sleepcap (moderately damaged, very poisoned, 100% to hit)
The sting hits the sleepcap.
The sleepcap looks even sicker.
The sleepcap is moderately damaged.
The sleepcap closely misses you.
Aiming: Sting (safe; 3% risk of failure)
Press: ? - help, Q - select action, (/) - cycle Shift-Dir - straight line, f/p - sleepcap
Aim: a sleepcap (moderately damaged, very poisoned, 100% to hit)
The sting hits the sleepcap but does no damage.
The sleepcap looks as sick as possible!
The sleepcap is moderately damaged.
The sleepcap releases spores at you!
* * * LOW HITPOINT WARNING * * *
You are engulfed in a cloud of soporific spores!
You fall asleep.
The sleepcap releases spores at you!
Ouch! That really hurt!
You die...

##.# ##..# .....
... ... #.# #.#
#@# #f# #.# # #.#
######.#####
#.####..........#
#......#.....##.#
######...:....#
#.#.....##
#.###......


You could see a sleepcap (extremely poisoned).

Vanquished Creatures
  A gnoll (D:3)
  3 adders
  A worm (D:3)
  2 dart slugs
  An orc (D:2)
  3 ball pythons
  2 bats
  6 endoplasms
  4 giant cockroaches
  7 goblins
  6 hobgoblins
  6 kobolds
  2 frilled lizards
  2 rats (D:1)
46 creatures vanquished.

Notes
Turn   | Place    | Note
-------+----------+-------------------------------------------
     0 | D:1      | Zonian the Deep Elf Venom Mage began the quest for the Orb.
     0 | D:1      | Reached XP level 1. HP: 10/10 MP: 6/6
   166 | D:1      | Reached XP level 2. HP: 15/15 MP: 6/8
   968 | D:2      | Reached XP level 3. HP: 17/19 MP: 4/9
  1609 | D:2      | Found Rebocw's Antique Weapon Shop.
  2279 | D:3      | Found a glowing silver altar of Zin.
  2318 | D:3      | Found a runed translucent door.
  2324 | D:3      | Noticed JamisonSwartz13's ghost (amateur AtFi)
  2353 | D:3      | Found a broken altar of Ashenzari.
  2357 | D:3      | Became a worshipper of Ashenzari the Shackled
  2419 | D:3      | Found a sacrificial altar of Ru.
  2431 | D:3      | Found Gygaxeke's Armour Shoppe.
  2435 | D:3      | Reached XP level 4. HP: 24/24 MP: 6/11
  2553 | D:3      | Found a sparkling altar of Nemelex Xobeh.
  2613 | D:4      | Mangled by a sleepcap

Illustrated notes

Levels and vault maps discovered:
D:1:      minmay_arrival_hallway, layout_basic
D:2:      layout_basic, serial_shops, nicolae_shop_tiny_waterfront
D:3:      layout_loops_cross, mainiacjoe_overflow_six_doors_small,
          mainiacjoe_overflow_catwalk, lightli_temple_of_fire,
          lemuel_crystal_altar, mainiacjoe_overflow_divided_tiny,
          overflow_temple_1_default, serial_shops, shop, ebering_ghost_sewer_d,
          st_stairs_8
D:4:      layout_loops_corners, gup_ossuary_entry_pyramid, uniq_duvessa,
          uniq_sigmund, uniq_natasha

Skill      XL: |  1  2  3  4 |
---------------+-------------+-----
Stealth        | 3 |  3.3
Dodging        | 3 |  3.2
Transmutations | 2 |  2.0
Fighting       | |  0.8
Spellcasting   | |  3.9
Poison Magic   | |  3.8

Action                     |  1- 3 |  4- 6 || total
---------------------------+-------+-------++-------
  Melee: Long sword        |     4 |       ||     4
         Short sword       |     3 |       ||     3
   Cast: Sting             |    80 |    19 ||    99
    Use: Scroll            |     7 |       ||     7
         Potion            |       |     1 ||     1
 Armour: Robe              |     3 |     1 ||     4
  Dodge: Dodged            |    21 |     7 ||    28

Table legend: (Time is in decaauts)
 A = Elapsed time spent in this place.
 B = Non-inter-level travel time spent in this place.
 C = Inter-level travel time spent in this place.
 D = Time resting spent in this place.
 E = Time spent auto-exploring this place.
 F = Levels seen in this place.
 G = Mean time per level.
                   A        B        C        D        E       F      G
               +--------+--------+--------+--------+--------+-----+--------+
         Total |   2612 |   2580 |     32 |    398 |   1686 |   4 |  653.0 |
       Dungeon |   2612 |   2580 |     32 |    398 |   1686 |   4 |  653.0 |
               +--------+--------+--------+--------+--------+-----+--------+

Top non-repeatable levels by time:
     D:2: 1063 daAuts
     D:1: 907 daAuts
     D:3: 623 daAuts
     D:4: 17 daAuts
